 Dungeon Crawl Stone Soup version 0.23.2-40-g277498a001 (webtiles) character file.

Game seed: 17249751680203196487

49108 bepis228 the Bludgeoner (level 14, -2/127 HPs)
             Began as a Minotaur Berserker on Oct 11, 2019.
             Was a High Priest of Trog.
             Killed from afar by Yrghoe Jijamo's ghost (23 damage)
             ... with a spray of energy
             ... on level 2 of the Snake Pit.
             The game lasted 00:58:56 (20915 turns).

bepis228 the Bludgeoner (Minotaur Berserker)       Turns: 20915, Time: 00:58:57

Health: -2/127     AC: 23    Str: 27    XL:     14   Next: 14%
Magic:  13/13      EV: 11    Int:  4    God:    Trog [*****.]
Gold:   1490       SH: 13    Dex: 22    Spells: 13/13 levels left

rFire    . . .     SeeInvis .   I - +6 mace "Lorod" {flame, *Drain rC+ Str+2}
rCold    + + +     Gourm    .   D - +0 shield
rNeg     . . .     Faith    .   z - +4 chain mail of the Orb {*Slow rC++ Slay+5}
rPois    .         Spirit   .   R - +2 hat {Int+3}
rElec    +         Reflect  .   (no cloak)
rCorr    .         Harm     .   k - +0 pair of gloves
MR       +....                  (no boots)
Stlth    ..........             (no amulet)
HPRegen  0.31/turn              W - ring of stealth
MPRegen  0.13/turn              n - ring of Incredulity {*Contam rElec AC+3 Int-3 Dex+10}

@: lethally poisoned (-2 -> -10), berserk cooldown, slowed, heavily drained,
very slow
A: retaliatory headbutt, horns 2
a: Berserk, Trog's Hand, Brothers in Arms, Renounce Religion


You were on level 2 of the Snake Pit.
You worshipped Trog.
Trog was extremely pleased with you.
You were not hungry.

You visited 3 branches of the dungeon, and saw 17 of its levels.

You collected 1613 gold pieces.
You spent 123 gold pieces at shops.

Inventory:

Hand Weapons
 I - the +6 mace "Lorod" (weapon) {flame, *Drain rC+ Str+2}
   (You found it on level 8 of the Dungeon)

   It has been specially enchanted to burn those struck by it, causing extra
   injury to most foes and up to half again as much damage against particularly
   susceptible opponents.
   It affects your strength (+2).
   It protects you from cold.
   It causes draining when unequipped.
 M - a +1 dire flail of electrocution
 N - a +0 war axe of electrocution
 S - a +2 longbow of flaming
 U - a +0 whip of flaming
 Z - the +8 morningstar of Offence {freeze, Str+3}
   (Trog gifted it to you on level 6 of the Lair of Beasts)

   It has been specially enchanted to freeze those struck by it, causing extra
   injury to most foes and up to half again as much damage against particularly
   susceptible opponents.
   It can also slow down cold-blooded creatures.
   It affects your strength (+3).
Missiles
 x - 3 throwing nets (quivered)
Armour
 g - a +2 cloak
 k - a +0 pair of gloves (worn)
 o - a +2 buckler
 z - the +4 chain mail of the Orb (worn) {*Slow rC++ Slay+5}
   (You found it on level 4 of the Dungeon)

   It affects your accuracy and damage with ranged weapons and melee attacks
   (+5).
   It greatly protects you from cold.
   It may slow you when you take damage.
 D - a +0 shield (worn)
 R - a +2 hat of intelligence (worn)
Magical Staves
 H - an uncursed staff of cold
Jewellery
 a - an uncursed ring of resist corrosion
 e - an uncursed ring of fire
 f - an uncursed ring of resist corrosion
 n - the ring of Incredulity (right hand) {*Contam rElec AC+3 Int-3 Dex+10}
   (You found it on level 6 of the Lair of Beasts)

   [ring of protection]

   It affects your AC (+3).
   It affects your intelligence (-3).
   It affects your dexterity (+10).
   It insulates you from electricity.
   It causes magical contamination when unequipped.
 r - an uncursed ring of protection from fire
 w - an uncursed ring of protection from cold
 T - an uncursed ring of resist corrosion
 W - a ring of stealth (left hand)
Wands
 l - a wand of random effects (23)
 m - a wand of iceblast (27)
 p - a wand of flame (56)
 t - a wand of paralysis (21)
 L - a wand of polymorph (11)
 O - a wand of disintegration (11)
Scrolls
 b - a scroll of fear
 d - 5 scrolls of magic mapping
 i - 5 scrolls of amnesia
 s - a scroll of fog {unknown}
 v - 9 scrolls of remove curse
 y - 4 scrolls of enchant weapon
 A - a scroll of blinking
 F - 3 scrolls of identify
 Q - 2 scrolls of immolation
Potions
 h - a potion of agility
 u - a potion of haste
 B - a potion of lignification
 C - a potion of invisibility {unknown}
 E - 2 potions of cancellation
 G - 2 potions of flight
 J - a potion of mutation {unknown}
 K - a potion of might
 P - a potion of magic
Miscellaneous
 j - a lightning rod (4/4)
 q - a fan of gales
Comestibles
 c - 15 rations


   Skills:
 + Level 12.4(9.8) Fighting
 + Level 15.5(12.7) Maces & Flails
   Level 7.3(5.0) Polearms
 + Level 15.5(12.7) Armour
 + Level 6.4(4.2) Dodging
 + Level 4.0(1.9) Stealth
 + Level 10.3(7.8) Shields
 + Level 0.9(0.0) Evocations


You had 13 spell levels left.
You didn't know any spells.
Your spell library contained the following spells:

 Spells                   Type           Power        Failure   Level  Hunger
 Animate Skeleton         Necr           N/A          99%         1    ##.....
 Apportation              Tloc           #.....       99%         1    ##.....
 Confusing Touch          Hex            #.....       99%         1    ##.....
 Summon Small Mammal      Summ           #...         99%         1    ##.....
 Call Imp                 Summ           #.......     100%        2    ###....
 Poisonous Vapours        Pois/Air       #.....       100%        2    ###....
 Call Canine Familiar     Summ           #.......     100%        3    ####...
 Confuse                  Hex            #.......     100%        3    ####...
 Conjure Flame            Conj/Fire      #.......     100%        3    ####...
 Gell's Gravitas          Tloc           #.........   100%        3    ####...
 Mephitic Cloud           Conj/Pois/Air  #.......     100%        3    ####...
 Summon Guardian Golem    Hex/Summ       #.......     100%        3    ####...
 Petrify                  Tmut/Erth      #.......     100%        4    #####..
 Summon Ice Beast         Ice/Summ       #.......     100%        4    #####..
 Summon Lightning Spire   Summ/Air       #.......     100%        4    #####..
 Metabolic Englaciation   Hex/Ice        #.........   100%        5    ######.
 Yara's Violent Unravell  Hex/Tmut       #.........   100%        5    ######.
 Freezing Cloud           Conj/Ice/Air   #.........   100%        6    #######
 Ring of Flames           Chrm/Fire      #.........   100%        7    #######


Dungeon Overview and Level Annotations

Branches:
Dungeon (9/15)             Temple (0/1) D:5            Lair (6/6) D:9
 Shoals (0/4) Lair:3        Snake (2/4) Lair:4        Slime (0/5) Lair:6
    Orc: D:9-12

Altars:
Ashenzari
Dithmenos
Elyvilon
Fedhas
Kikubaaqudgha
Nemelex Xobeh
Okawaru
Sif Muna
Vehumet
Xom
Yredelemnul

Shops:
D:7 *

Annotations:
D:4 exclusion: statue
Snake:2 Loczen Qael's ghost, adept DDFi; Nushysh's ghost, adept FoFi; Yrghoe Jijamo's ghost, adept DrCj


Innate Abilities, Weirdness & Mutations

You reflexively headbutt those who attack you in melee.
You have a pair of horns on your head.


Message History

You hit Loczen Qael's ghost but do no damage.
Your headbutt misses Loczen Qael's ghost.
You feel sick.
You block Yrghoe Jijamo's ghost's attack.
You hit Loczen Qael's ghost but do no damage.
You headbutt Loczen Qael's ghost!
Loczen Qael's ghost is lightly damaged.
Loczen Qael's ghost hits you!!
* * * LOW HITPOINT WARNING * * *
You feel drained.
* * * LOW HITPOINT WARNING * * *
Nushysh's ghost hits you!
* * * LOW HITPOINT WARNING * * *
You are too berserk!
You are no longer berserk.
You are exhausted.
You feel yourself slow down.
You feel sick.
Yrghoe Jijamo's ghost points at you and mumbles some strange words.
The spray of energy hits you!!
You die...

#............# ##...............
.............# ##...............
.#......)....###.######.....#.
##......(....##..#.8|!##....#
##..........###.#....8##...#
####....(....# #.#......#...#
.####...(....###WW.....♣#.###
#.##.#.......##..'.....⌠#.##
##..###.(...###.@W.....♣##.## #..
#...####...## #..#....(?#...#....
..#..# #...(###..#....8##....##
..##.###.###(....#.8))##......#
..###.#.####).##.######......≈.PP
..#####.# #..(##...........PPPPP≈
...###.## ##).#.........≈PPP≈≈≈≈♣
.##....# #..#........P≈P≈≈♣≈♣≈≈
.##....# #..†.......P≈P≈♣♣≈≈PPP


You could see Loczen Qael's ghost, Nushysh's ghost and Yrghoe Jijamo's ghost.

Vanquished Creatures
  The ghost of Vibac the Crack Shot, an adept CeHu of Okawaru (Snake:2)
  Nessos (Lair:4)
  Josephine (Lair:5)
  2 naga warriors (Snake:1)
  2 hydras
  4 death yaks (Lair:4)
  4 naga sharpshooters
  Sonja (Lair:5)
  A salamander mystic (Snake:1)
  A sea snake (Snake:2)
  A naga ritualist (Snake:1)
  2 mana vipers
  A salamander (Snake:1)
  9 elephants
  A merfolk siren (Lair:3)
  5 black mambas (Snake:1)
  5 naga magi (Snake:1)
  Maurice (D:9)
  18 spiny frogs
  4 rime drakes
  6 komodo dragons
  4 tyrant leeches (Lair:6)
  19 blink frogs
  The ghost of Alannah the Bolt Thrower, an amateur DsHu (D:4)
  5 hippogriffs
  6 dream sheep (Lair:4)
  A spriggan (D:8)
  5 wraiths (Lair:5)
  A wyvern (Lair:5)
  24 yaks
  6 vampire mosquitoes (Lair:6)
  10 water moccasins
  10 nagas
  12 porcupines
  An ice beast (D:6)
  A hornet zombie (D:9)
  A black bear (D:9)
  5 ogres
  2 wolves (Lair:4)
  4 necrophages (D:9)
  6 crocodiles
  18 bullfrogs
  4 scorpions
  3 killer bees (D:9)
  2 howler monkeys (D:9)
  3 electric eels
  2 crimson imps (D:9)
  3 bullfrog zombies
  4 hounds
  A jelly (D:9)
  An orc priest (D:6)
  A gnoll shaman (D:7)
  4 orc wizards
  A hell rat (Lair:1)
  7 worker ants
  A killer bee zombie (D:9)
  A hound skeleton (D:4)
  A worker ant zombie (D:9)
  16 gnolls
  11 adders
  8 river rats (Lair:1)
  5 shadow imps
  3 adder skeletons
  3 worms
  A dart slug (D:2)
  5 leopard geckos
  12 orcs
  5 giant cockroaches
  6 goblins
  6 hobgoblins
  14 jackals
  7 kobolds
  5 quokkas
  A ball python (D:5)
  7 bats
  8 frilled lizards
  A giant cockroach zombie (D:5)
  A jackal skeleton (D:8)
  A quokka skeleton (D:5)
  A quokka zombie (D:5)
  4 rats
  6 bushes (D:9)
  17 fungi
  15 plants
421 creatures vanquished.

Vanquished Creatures (collateral kills)
  2 death yaks (Lair:4)
  An elephant (Lair:2)
  6 yaks (Lair:4)
  A water moccasin (Lair:4)
  A porcupine (Lair:4)
  A wolf (Lair:4)
  A hell rat (Lair:1)
  3 river rats (Lair:1)
  A plant (Lair:1)
17 creatures vanquished.

Vanquished Creatures (others)
  2 bushes
  19 fungi
  77 plants
98 creatures vanquished.

Grand Total: 536 creatures vanquished

Notes
Turn   | Place    | Note
-------+----------+-------------------------------------------
     0 | D:1      | bepis228 the Minotaur Berserker began the quest for the
                  | Orb.
     0 | D:1      | Reached XP level 1. HP: 19/19 MP: 0/0
   534 | D:1      | Reached XP level 2. HP: 27/27 MP: 1/1
  1081 | D:1      | Reached XP level 3. HP: 33/33 MP: 2/2
  1253 | D:1      | Reached ** piety under Trog
  1620 | D:2      | Found a shimmering altar of Xom.
  1977 | D:2      | Reached XP level 4. HP: 35/41 MP: 3/3
  2125 | D:3      | Found a shadowy altar of Dithmenos.
  2143 | D:3      | You fall through a shaft for 3 floors!
  2295 | D:6      | Noticed a bullfrog
  2302 | D:6      | Killed a bullfrog
  2302 | D:6      | Reached skill level 5 in Maces & Flails
  2302 | D:6      | Reached XP level 5. HP: 32/47 MP: 4/4
  2574 | D:6      | Noticed an ice beast
  2587 | D:6      | Killed an ice beast
  2587 | D:6      | Reached XP level 6. HP: 55/55 MP: 5/5
  2601 | D:6      | Reached skill level 5 in Fighting
  2910 | D:6      | Found a sparkling altar of Nemelex Xobeh.
  2963 | D:6      | Reached skill level 5 in Armour
  3672 | D:5      | Entered Level 5 of the Dungeon
  3675 | D:5      | Found a basalt altar of Yredelemnul.
  3899 | D:5      | Reached XP level 7. HP: 47/61 MP: 6/6
  3944 | D:5      | Reached *** piety under Trog
  3953 | D:5      | HP: 3/61 [ogre/+0 giant club (26)]
  3955 | D:5      | Reached skill level 1 in Shields
  4329 | D:5      | Found a staircase to the Ecumenical Temple.
  5183 | D:4      | Found a radiant altar of Vehumet.
  5297 | D:4      | Found a runed translucent door.
  5299 | D:4      | Got a bloodstained chain mail
  5300 | D:4      | Noticed Alannah's ghost (amateur DsHu)
  5302 | D:4      | Reached XP level 8. HP: 71/71 MP: 7/7
  5330 | D:4      | Identified the +4 chain mail of the Orb {*Slow rC++ Slay+5}
                  | (You found it on level 4 of the Dungeon)
  5419 | D:4      | Killed Alannah's ghost
  5419 | D:4      | Reached skill level 1 in Polearms
  5714 | D:4      | Reached skill level 1 in Stealth
  5838 | D:4      | Found a radiant altar of Vehumet.
  6234 | D:7      | Reached **** piety under Trog
  6814 | D:7      | Found Amomm's General Store.
  6823 | D:7      | Bought a scroll of identify for 26 gold pieces
  6823 | D:7      | Bought a scroll of enchant weapon for 97 gold pieces
  6879 | D:7      | Found an iron altar of Okawaru.
  7354 | D:8      | Found a white marble altar of Elyvilon.
  7471 | D:8      | Got a jewelled mace
  7472 | D:8      | Identified the +6 mace "Lorod" {flame, *Drain rC+ Str+2}
                  | (You found it on level 8 of the Dungeon)
  7721 | D:8      | Found an ancient bone altar of Kikubaaqudgha.
  7814 | D:8      | Found a shattered altar of Ashenzari.
  7821 | D:8      | Found a white marble altar of Elyvilon.
  7893 | D:9      | Noticed Maurice
  7901 | D:9      | Killed Maurice
  7901 | D:9      | Reached skill level 5 in Polearms
  7901 | D:9      | Reached XP level 9. HP: 79/79 MP: 8/8
  7951 | D:9      | Found a staircase to the Lair.
  8196 | D:9      | Found a deep blue altar of Sif Muna.
  8246 | D:9      | Reached XP level 10. HP: 88/88 MP: 9/9
  9067 | D:9      | Found a blossoming altar of Fedhas.
  9080 | D:9      | Reached skill level 10 in Maces & Flails
  9375 | Lair:1   | Entered Level 1 of the Lair of Beasts
  9765 | Lair:1   | Reached skill level 5 in Shields
 10163 | Lair:1   | Reached skill level 10 in Armour
 10694 | Lair:2   | Reached XP level 11. HP: 97/97 MP: 10/10
 10780 | Lair:2   | Reached ***** piety under Trog
 11963 | Lair:3   | Found a staircase to the Shoals.
 12192 | Lair:3   | Reached skill level 10 in Fighting
 12365 | Lair:3   | Noticed a seven-headed hydra
 12369 | Lair:3   | Killed a seven-headed hydra
 13019 | Lair:4   | Noticed a death yak
 13019 | Lair:4   | Noticed a death yak
 13019 | Lair:4   | Noticed a death yak
 13021 | Lair:4   | Noticed a death yak
 13021 | Lair:4   | Noticed a death yak
 13021 | Lair:4   | Noticed a death yak
 13032 | Lair:4   | Killed a death yak
 13032 | Lair:4   | Reached skill level 5 in Dodging
 13033 | Lair:4   | Killed a death yak
 13035 | Lair:4   | Killed a death yak
 13035 | Lair:4   | Reached XP level 12. HP: 106/106 MP: 11/11
 13043 | Lair:4   | Killed a death yak
 13048 | Lair:4   | Killed a death yak
 13050 | Lair:4   | Killed a death yak
 13671 | Lair:4   | Found a staircase to the Snake Pit.
 13946 | Lair:4   | Noticed Nessos
 13960 | Lair:4   | HP: 4/107 [poisoned by Nessos]
 14967 | Lair:4   | Killed Nessos
 15480 | Lair:5   | Noticed Sonja
 15488 | Lair:5   | Killed Sonja
 15831 | Lair:5   | Noticed Josephine
 15841 | Lair:5   | Killed Josephine
 16598 | Lair:6   | Entered Level 6 of the Lair of Beasts
 16712 | Lair:6   | Received a gift from Trog
 16712 | Lair:6   | Reached XP level 13. HP: 98/115 MP: 12/12
 16718 | Lair:6   | Got a bone morningstar {god gift}
 16719 | Lair:6   | Identified the +8 morningstar of Offence {freeze, Str+3}
                  | (Trog gifted it to you on level 6 of the Lair of Beasts)
 17610 | Lair:6   | Found a staircase to the Slime Pits.
 18090 | Lair:6   | Got a scorched granite ring
 18093 | Lair:6   | Identified the ring of Incredulity {*Contam rElec AC+3
                  | Int-3 Dex+10} (You found it on level 6 of the Lair of
                  | Beasts)
 18228 | Lair:6   | Reached skill level 15 in Maces & Flails
 18626 | Snake:1  | Entered Level 1 of the Snake Pit
 18698 | Snake:1  | Reached skill level 15 in Armour
 19686 | Snake:1  | Reached skill level 10 in Shields
 20133 | Snake:2  | Reached XP level 14. HP: 70/126 MP: 13/13
 20546 | Snake:2  | Noticed Nushysh's ghost (adept FoFi)
 20547 | Snake:2  | Found a runed translucent gate.
 20547 | Snake:2  | Found a runed translucent gate.
 20547 | Snake:2  | Found a runed translucent gate.
 20547 | Snake:2  | Noticed Yrghoe Jijamo's ghost (adept DrCj)
 20547 | Snake:2  | Noticed Vibac's ghost (adept CeHu)
 20547 | Snake:2  | Noticed Loczen Qael's ghost (adept DDFi)
 20911 | Snake:2  | Killed Vibac's ghost
 20915 | Snake:2  | Killed from afar by Yrghoe Jijamo's ghost

Skill      XL: |  1  2  3  4  5  6  7  8  9 10 11 12 13 |
---------------+----------------------------------------+-----
Maces & Flails | 4 5 6 7 9 11 13 14 15 | 15.5
Fighting       | 4 5 6 7 8 9 10 12 | 12.4
Armour         | 3 4 5 6 8 10 12 14 15 | 15.5
Dodging        | 3 4 5 6 |  6.4
Shields        | 1 2 4 5 7 8 10 | 10.3
Polearms       | 5 7 |  7.3
Stealth        | 1 3 4 |  4.0
Evocations     | |  0.9

Action                   |  1- 3 |  4- 6 |  7- 9 | 10-12 | 13-15 || total
-------------------------+-------+-------+-------+-------+-------++-------
Melee: Mace              |    83 |    87 |   203 |   351 |   267 ||   991
       Headbutt          |    11 |    12 |    70 |    82 |    92 ||   267
       Trident           |       |       |    68 |       |       ||    68
       Morningstar       |       |       |       |       |    47 ||    47
Invok: Berserk           |     2 |     3 |     4 |     9 |     6 ||    24
       Brothers in Arms  |       |       |       |     4 |       ||     4
       Trog's Hand       |       |       |       |       |     1 ||     1
Evoke: Wand              |       |       |       |     4 |     2 ||     6
  Use: Scroll            |     6 |     2 |     7 |    10 |    10 ||    35
       Potion            |       |     1 |     6 |     3 |     9 ||    19
 Stab: Paralysed         |       |       |       |     4 |       ||     4
  Eat: Ration            |     1 |     2 |     2 |     7 |     4 ||    16
       Chunk             |     1 |     3 |     9 |    14 |     6 ||    33
Armor: Animal skin       |     2 |       |       |       |       ||     2
       Scale mail        |    46 |    35 |    21 |       |       ||   102
       Skin              |       |       |     4 |       |       ||     4
       Chain mail        |       |       |    50 |   149 |    99 ||   298
Dodge: Dodged            |    77 |    51 |    89 |   130 |   133 ||   480
Block: Buckler           |       |     6 |    46 |   110 |    80 ||   242
       Shield            |       |       |       |       |    18 ||    18
